Map: Efflorescence LE

Players

Throwfordays - Winner!

  • Race: Protoss Protoss
  • League: Bronze
  • Spawn Location: 3:00

Faust - Winner!

  • Race: Zerg Zerg
  • League: Diamond
  • Spawn Location: 12:00

ZOTUS

  • Race: Terran Terran
  • Spawn Location: 9:00

DrCochon

  • Race: Terran Terran
  • Spawn Location: 6:00

VOD

Have the link to the VOD?

Description

Time

  • Played on: Jan. 29, 2019, 7:13 p.m.
  • Length: 25:08
Show
View Real Time Build Order
Export as new Build Order

Throwfordays Protoss - Winner!

Build Orders:  

Get SALT Encoding   

  12  0:01  Probe  
  13  0:13  Probe  
  14  0:18  Pylon  
  14  0:25  Probe  
  15  0:36  Gateway  
  15  0:38  Probe  
  16  0:51  Assimilator, Probe  
  17  1:03  Probe  
  18  1:15  Probe  
  19  1:23  Cybernetics Core  
  19  1:27  Assimilator, Probe  
  19  1:31  Pylon  
  20  1:39  Probe  
  21  1:42  Warp Gate  
  21  1:51  Probe  
  22  1:59  Nexus  
  22  2:06  Probe  
  23  2:19  Forge  
  23  2:28  Twilight Council  
  22  2:49  Protoss Ground Weapons Level 1  
  22  2:56  Probe  
  19  3:31  Adept  
  19  3:50  Adept  
  19  3:52  Resonating Glaives  
  20  4:16  Assimilator  
  20  4:19  Probe  
  21  4:27  Adept, Probe  
  23  4:36  Probe  
  24  4:42  Probe  
  26  4:49  Probe  
  27  4:54  Probe  
  27  4:56  Pylon  
  28  5:01  Probe  
  28  5:06  Probe  
  29  5:13  Adept, Probe  
  30  5:19  Probe  
  30  5:25  Probe  
  31  5:31  Probe  
  32  5:39  Adept  
  34  5:43  Probe  
  34  5:47  Gateway  
  34  5:48  Gateway  
  34  5:49  Protoss Ground Weapons Level 2, Gateway  
  35  5:55  Probe  
  36  5:57  Probe  
  36  6:01  Adept  
  39  6:07  Probe  
  39  6:09  Probe  
  41  6:16  Photon Cannon  
  41  6:19  Probe  
  41  6:23  Adept  
  44  6:44  Blink, Stalker  
  44  6:45  Stalker x3  
  52  7:24  Probe  
  52  7:27  Probe  
  54  7:37  Probe  
  51  7:39  Probe  
  52  7:49  Probe  
  53  7:51  Probe  
  54  8:19  Protoss Ground Weapons Level 3  
  54  8:29  Probe x2  
  48  8:38  Stalker x4  
  50  8:41  Probe  
  50  8:47  Assimilator  
  51  8:48  Probe  
  52  8:57  Probe  
  52  9:00  Probe  
  52  9:02  Pylon  
  54  9:04  Pylon  
  54  9:07  Pylon  
  54  9:10  Pylon  
  54  9:12  Probe  
  54  9:13  Pylon, Probe  
  54  9:21  Pylon  
  54  9:35  Pylon  
  54  9:37  Charge  
  54  9:38  Pylon  
  54  9:41  Pylon  
  54  9:45  Protoss Air Weapons Level 1  
  54  9:52  Dark Shrine  
  54  9:56  Stargate x2  
  54  9:58  Stargate  
  54  10:03  Stargate  
  54  10:30  Robotics Facility  
  54  10:37  Robotics Facility  
  54  11:01  Void Ray x3  
  54  11:02  Void Ray  
  70  11:06  Nexus  
  70  11:07  Protoss Shields Level 1  
  70  11:15  Nexus  
  70  11:19  Probe  
  70  11:25  Probe  
  72  11:31  Probe  
  73  11:37  Probe  
  74  11:43  Probe  
  75  11:47  Void Ray x4  
  75  11:49  Probe  
  75  11:53  Assimilator  
  92  11:55  Probe  
  92  11:57  Assimilator, Pylon  
  93  12:01  Probe  
  93  12:06  Pylon  
  93  12:07  Probe  
  95  12:11  Fleet Beacon  
  95  12:13  Probe  
  96  12:17  Observer  
  97  12:36  Probe  
  98  12:41  Probe  
  99  12:45  Probe  
  99  12:48  Void Ray x2, Probe  
  99  12:50  Void Ray  
  113  12:53  Probe  
  113  12:57  Probe  
  115  13:00  Probe  
  115  13:05  Probe  
  117  13:09  Probe  
  118  13:15  Robotics Bay  
  118  13:17  Probe  
  119  13:21  Probe  
  119  13:22  Assimilator  
  119  13:24  Void Ray  
  119  13:26  Assimilator  
  124  13:29  Probe  
  124  13:31  Void Ray x2  
  124  13:33  Probe  
  134  13:39  Protoss Air Weapons Level 2  
  134  13:42  Void Ray  
  138  14:03  Probe  
  138  14:07  Probe  
  140  14:16  Probe  
  141  14:19  Probe  
  142  14:24  Pylon  
  142  14:25  Pylon  
  142  14:27  Pylon  
  142  14:28  Probe  
  142  14:29  Pylon  
  143  14:34  Colossus x2  
  143  14:36  Extended Thermal Lance  
  155  14:59  Anion Pulse-Crystals  
  155  15:27  Colossus  
  155  15:28  Colossus  
  167  15:29  Void Ray x3  
  179  16:01  Void Ray  
  183  16:12  Void Ray x3  
  183  16:16  Gravitic Boosters  
  195  16:22  Observer x2  
  197  16:44  Void Ray  
  139  17:13  Gravitic Drive  
  139  17:20  Colossus x2  
  139  17:21  Protoss Air Weapons Level 3  
  151  17:23  Void Ray x3  
  151  17:26  Void Ray  
  155  18:06  Void Ray x2  
  163  18:14  Colossus x2  
  151  19:07  Void Ray x4  
  163  19:10  Protoss Shields Level 2  
  163  19:50  Void Ray x4  
  179  19:54  Nexus  
  179  20:16  Zealot x2  
  179  20:17  Zealot x2  
  187  20:32  Void Ray  
  187  20:33  Void Ray x2  
  135  20:57  Zealot x2  
  135  20:58  Zealot x2  
  135  21:03  Void Ray  
  147  21:15  Void Ray x2  
  147  21:16  Void Ray  
  129  21:46  Void Ray  
  133  21:58  Void Ray x3  
  133  22:25  Zealot x4  
  133  22:29  Void Ray  
  141  22:41  Void Ray x3  
  153  22:59  Probe  
  154  23:11  Probe  
  154  23:12  Void Ray  
  159  23:23  Probe  
  159  23:24  Void Ray  
  164  23:35  Probe  
  165  23:45  Void Ray x2  
  165  23:47  Probe  
  174  23:55  Void Ray  
  172  24:07  Void Ray  
Show
View Real Time Build Order
Export as new Build Order

Faust Zerg - Winner!

Build Orders: Hatch First 

Get SALT Encoding   

  12  0:01  Drone  
  13  0:10  Drone  
  14  0:15  Extractor  
  14  0:16  Drone  
  15  0:23  Overlord  
  15  0:42  Drone x2  
  17  0:57  Hatchery  
  17  0:58  Drone  
  17  1:13  Spawning Pool  
  17  1:17  Drone  
  17  1:19  Extractor  
  17  1:20  Drone  
  17  1:27  Drone  
  17  1:30  Drone  
  19  1:50  Overlord  
  19  1:59  Queen  
  21  2:05  Zergling x2  
  22  2:09  Queen  
  22  2:10  Zergling x4  
  26  2:25  Zergling x6  
  26  2:26  Metabolic Boost  
  29  2:38  Drone x2  
  31  2:54  Drone x4  
  34  3:20  Zergling x4  
  34  3:22  Overlord  
  35  3:31  Zergling x4  
  35  3:32  Overlord  
  35  3:39  Zergling x2  
  35  3:42  Zergling x6  
  35  3:43  Zergling x2  
  35  3:45  Zergling x4  
  40  3:52  Zergling x4  
  38  4:22  Drone  
  38  4:23  Drone x5  
  44  4:27  Overlord x2  
  44  4:28  Queen  
  46  4:40  Pneumatized Carapace  
  46  4:41  Hatchery  
  46  4:44  Roach Warren  
  44  5:00  Drone x4  
  44  5:01  Zergling x8  
  49  5:31  Lair  
  49  5:35  Zergling x2, Baneling Nest  
  43  5:36  Zergling x14  
  43  5:38  Overlord  
  50  5:56  Zergling x8  
  54  6:05  Zergling x8  
  54  6:06  Zergling x8  
  62  6:14  Extractor x2  
  58  6:28  Zergling x16  
  58  6:32  Baneling x3  
  66  6:33  Baneling x2  
  66  6:34  Baneling  
  66  6:38  Zergling x6  
  66  6:39  Zergling x2, Queen  
  52  7:13  Drone  
  52  7:14  Drone x10  
  62  7:17  Drone x3  
  62  7:18  Drone  
  66  7:25  Spire  
  66  7:26  Extractor  
  64  7:30  Infestation Pit  
  63  8:00  Drone x5  
  68  8:12  Hatchery  
  68  8:16  Drone x6  
  68  8:18  Drone  
  68  8:19  Extractor, Drone x2  
  73  8:20  Extractor  
  73  8:21  Overlord x5  
  73  8:26  Hive  
  63  8:32  Evolution Chamber  
  63  8:33  Evolution Chamber  
  59  8:46  Drone x2  
  59  8:47  Drone x2  
  63  9:08  Spore Crawler  
  63  9:09  Spore Crawler  
  61  9:11  Spore Crawler  
  61  9:14  Spore Crawler  
  61  9:15  Spore Crawler  
  61  9:16  Spore Crawler, Drone x8  
  61  9:17  Drone x2  
  67  9:20  Spore Crawler  
  66  9:24  Spire  
  66  9:27  Drone  
  66  9:28  Drone x8, Overlord  
  66  9:29  Overlord x2  
  74  9:32  Overseer  
  74  9:35  Burrow  
  74  9:43  Drone x4  
  74  9:44  Drone  
  74  9:45  Drone x4  
  81  9:47  Extractor  
  81  9:48  Overlord  
  81  9:49  Extractor  
  81  9:52  Zerg Melee Weapons Level 1  
  81  9:55  Zerg Ground Armor Level 1  
  81  9:57  Centrifical Hooks  
  81  10:03  Adrenal Glands  
  81  10:06  Drone x3  
  84  10:07  Drone  
  84  10:09  Drone  
  84  10:10  Drone  
  87  10:19  Queen  
  89  10:45  Zerg Flyer Weapons Level 1  
  89  10:48  Mutalisk x10  
  109  10:51  Zergling x2  
  109  10:52  Zergling x24  
  122  11:00  Drone x3  
  122  11:01  Drone x2  
  122  11:02  Hatchery  
  126  11:25  Hatchery  
  121  11:39  Mutalisk  
  112  11:40  Mutalisk x8  
  130  11:47  Zergling x2  
  130  11:48  Zergling x24  
  130  11:52  Zerg Melee Weapons Level 2  
  143  11:57  Zerg Ground Armor Level 2  
  143  12:02  Drone  
  143  12:03  Overlord x6  
  143  12:04  Overlord x3  
  144  12:24  Greater Spire  
  144  12:33  Drone  
  144  12:34  Drone x7, Overlord  
  144  12:35  Overlord  
  152  12:40  Zergling x2  
  152  12:41  Zergling x16  
  161  12:44  Zerg Flyer Weapons Level 2  
  159  13:05  Mutalisk  
  159  13:06  Mutalisk x10  
  159  13:08  Zergling x2  
  159  13:09  Zergling x10  
  187  13:18  Queen  
  190  13:20  Extractor, Drone x3  
  190  13:21  Extractor, Drone x3  
  193  13:33  Baneling x7  
  193  13:34  Baneling x3  
  193  13:43  Zerg Flyer Armor Level 1  
  176  14:17  Corruptor  
  176  14:18  Corruptor x9  
  176  14:22  Zergling x8  
  200  14:33  Zerg Melee Weapons Level 3  
  200  14:40  Zerg Ground Armor Level 3  
  173  15:23  Baneling x7  
  173  15:24  Baneling  
  173  15:27  Brood Lord  
  173  15:28  Brood Lord x4  
  177  16:46  Zergling x2  
  178  16:47  Zergling x30  
  178  16:48  Zergling x12  
  152  17:43  Zerg Flyer Armor Level 2, Zerg Flyer Weapons Level 3  
  143  17:47  Corruptor  
  143  17:48  Corruptor x14  
  129  18:12  Zergling x2  
  129  18:13  Zergling x34  
  129  18:14  Zergling x4  
  129  18:19  Drone  
  149  18:24  Spine Crawler  
  149  18:26  Spine Crawler x2  
  146  18:27  Drone x3, Spine Crawler  
  146  18:28  Drone x4, Spine Crawler  
  149  18:49  Hatchery  
  149  18:53  Hatchery  
  146  18:57  Corruptor  
  146  18:58  Corruptor x9  
  133  19:46  Zergling x2  
  133  19:47  Zergling x50  
  155  19:53  Baneling x10  
  155  19:54  Baneling x3  
  155  20:14  Zergling x2  
  155  20:15  Zergling x28  
  155  20:18  Brood Lord x2  
  155  20:19  Brood Lord x2  
  155  20:20  Brood Lord  
  155  20:21  Brood Lord  
  182  20:22  Corruptor, Brood Lord  
  182  20:23  Corruptor x6  
  198  20:31  Extractor  
  106  22:34  Mutalisk x12  
  106  22:35  Mutalisk x23  
  172  22:55  Zergling x2  
  172  22:56  Zergling x16  
  173  23:15  Drone x13  
  167  23:39  Zergling x34  
  167  23:40  Zergling x18, Hatchery  
  167  23:41  Hatchery  
  191  23:45  Extractor  
  191  23:46  Drone  
  191  23:47  Extractor  
  181  24:12  Zergling x14  
  181  24:13  Zergling x20  
Show
View Real Time Build Order
Export as new Build Order

ZOTUS Terran 

Build Orders: 2 Factory 

Get SALT Encoding   

  12  0:04  SCV  
  13  0:24  SCV  
  14  0:36  SCV  
  14  0:40  Supply Depot  
  15  1:02  SCV  
  16  1:05  Barracks  
  16  1:14  SCV  
  17  1:19  Refinery  
  17  1:22  Refinery  
  17  1:26  SCV  
  18  1:38  SCV  
  19  1:50  SCV  
  19  1:51  Command Center  
  20  2:02  SCV  
  20  2:05  Supply Depot  
  21  2:14  Marine, SCV  
  23  2:27  SCV  
  23  2:29  Factory  
  24  2:32  Marine  
  25  2:39  SCV  
  26  2:50  Marine  
  27  2:56  Factory  
  27  3:07  Marine, Barracks  
  28  3:14  Factory Tech Lab  
  28  3:18  SCV  
  29  3:21  SCV  
  29  3:25  Marine  
  31  3:33  SCV  
  32  3:42  Siege Tank  
  32  3:43  Marine  
  32  3:44  Engineering Bay  
  36  3:51  Factory Tech Lab  
  36  3:59  Marine  
  36  4:01  Marine  
  38  4:04  SCV  
  39  4:14  Missile Turret  
  39  4:16  SCV  
  39  4:17  Marine  
  40  4:20  Missile Turret  
  41  4:25  Siege Tank  
  41  4:29  SCV  
  45  4:41  SCV  
  45  4:42  Supply Depot  
  46  4:55  Marine  
  46  4:56  Marine  
  46  4:58  Siege Tank  
  44  5:17  Marine x2  
  46  5:35  Marine x2  
  48  5:48  Planetary Fortress  
  48  5:51  Siege Tank x2  
  54  6:45  Planetary Fortress  
  54  6:53  Supply Depot  
  54  7:02  Marine  
  54  7:03  Marine  
  54  7:05  Barracks  
  26  7:15  Supply Depot  
  26  7:19  Siege Tank x2  
  26  7:20  Marine x2  
  26  7:22  SCV  
  35  7:34  SCV  
  36  7:38  Marine x2, Supply Depot  
  38  7:46  SCV  
  39  7:55  Marine  
  39  7:56  Marine  
  39  7:58  SCV  
  42  8:00  Supply Depot  
  42  8:10  SCV  
  43  8:13  Marine  
  43  8:14  Marine  
  45  8:22  SCV  
  45  8:23  Supply Depot  
  45  8:26  Marine  
  47  8:31  Marine  
  47  8:32  Marine  
  49  8:34  SCV  
  49  8:39  Siege Tank x2  
  56  8:44  Marine  
  56  8:46  SCV  
  58  8:49  Marine x2  
  60  8:58  SCV  
  60  9:01  Marine  
  62  9:03  Refinery  
  62  9:05  Refinery  
  62  9:07  Marine  
  63  9:10  SCV  
  63  9:11  Siege Tank  
  67  9:23  SCV  
  68  9:29  Siege Tank  
  71  9:38  Missile Turret  
  71  9:43  Siege Tank  
  74  9:59  Missile Turret  
  74  10:01  Siege Tank  
  77  10:11  Command Center  
  77  10:20  Armory  
  78  10:21  SCV  
  78  10:33  SCV  
  79  10:45  SCV  
  80  10:57  SCV  
  80  11:00  Widow Mine x2  
  85  11:09  SCV  
  86  11:21  Widow Mine x2  
  90  11:43  Widow Mine x2  
  94  11:51  Missile Turret  
  94  11:55  Missile Turret  
  94  12:02  Missile Turret  
  94  12:03  SCV  
  94  12:04  Widow Mine x2  
  99  12:13  Missile Turret  
  99  12:15  SCV  
  100  12:19  Missile Turret  
  100  12:22  Missile Turret  
  100  12:25  Widow Mine  
  100  12:26  Widow Mine  
  100  12:27  SCV  
  105  12:37  Missile Turret  
  105  12:39  SCV  
  105  12:44  Missile Turret  
  107  12:51  SCV  
  107  12:59  Missile Turret  
  107  13:03  SCV  
  108  13:14  Refinery  
  108  13:15  SCV  
  108  13:16  Refinery, Terran Vehicle Weapons Level 1  
  108  13:18  Missile Turret  
  109  13:38  Missile Turret  
  109  13:53  SCV  
  108  14:02  Thor  
  108  14:05  SCV  
  108  14:09  Thor  
  107  14:13  Missile Turret  
  107  14:15  Missile Turret  
  108  14:17  SCV  
  108  14:27  Missile Turret  
  108  14:29  SCV  
  109  14:37  Missile Turret  
  109  14:40  Factory  
  109  14:47  Missile Turret  
  109  14:57  Terran Infantry Weapons Level 1  
  109  15:08  Missile Turret  
  109  15:10  Terran Vehicle And Ship Armor Level 1  
  109  15:19  Supply Depot  
  109  15:20  Supply Depot  
  109  15:22  Supply Depot  
  109  15:40  Thor, SCV  
  109  15:41  Thor  
  109  15:42  Planetary Fortress  
  122  15:43  Supply Depot  
  122  15:46  Supply Depot  
  122  15:47  Supply Depot  
  122  15:52  SCV  
  123  16:08  Missile Turret  
  121  16:23  Thor  
  121  16:24  Thor  
  133  16:33  SCV  
  133  16:43  Starport  
  133  16:44  Starport  
  133  16:45  SCV  
  133  16:46  Starport  
  128  16:48  Starport  
  128  16:51  Terran Infantry Armor Level 1  
  125  16:57  SCV  
  114  17:06  Thor  
  108  17:09  SCV  
  88  17:21  SCV  
  63  17:38  Viking x3  
  54  18:08  Viking x3  
  60  18:17  Viking  
  62  18:38  Viking x3  
  62  18:43  Siege Tank x2  
  62  18:45  Factory Tech Lab  
  62  18:47  Viking  
  56  19:08  Viking x3  
  62  19:15  Siege Tank  
  65  19:17  Viking  
  67  19:38  Viking x3  
  73  19:47  Viking  
  75  20:00  Command Center  
  75  20:27  Widow Mine x3  
  81  20:48  Widow Mine x2  
  70  21:25  Viking x4  
  66  21:55  Viking x3, Siege Tank x2  
Show
View Real Time Build Order
Export as new Build Order

DrCochon Terran 

Build Orders:  

Get SALT Encoding   

  12  0:01  SCV  
  13  0:13  SCV  
  14  0:18  Supply Depot  
  14  0:25  SCV  
  15  0:35  Refinery  
  15  0:40  SCV  
  16  0:46  Barracks  
  16  0:52  SCV  
  17  1:00  Supply Depot  
  17  1:04  SCV  
  18  1:16  Barracks  
  18  1:20  SCV  
  19  1:32  SCV  
  20  1:33  Reaper  
  21  1:44  Orbital Command  
  21  1:53  Refinery  
  21  2:04  Reaper  
  21  2:05  Reaper  
  23  2:11  SCV  
  24  2:16  Supply Depot  
  24  2:23  SCV  
  25  2:36  Reaper  
  26  2:37  Reaper  
  27  2:58  Command Center  
  27  3:08  Reaper  
  27  3:46  Reaper x2  
  26  4:26  Barracks Tech Lab x2  
  25  4:32  Engineering Bay  
  25  4:33  SCV  
  25  4:45  SCV  
  25  4:57  SCV  
  26  5:18  Marine  
  26  5:19  Marine  
  27  5:30  Combat Shield  
  27  5:35  Planetary Fortress, Factory  
  27  5:36  Marine  
  27  5:37  Marine  
  27  5:39  SCV  
  27  5:41  Command Center  
  30  5:51  SCV  
  30  5:52  Terran Infantry Weapons Level 1  
  30  5:53  Stimpack  
  31  6:03  SCV  
  32  6:06  Marauder  
  32  6:07  Marauder  
  32  6:10  Refinery  
  36  6:12  Supply Depot  
  36  6:13  Missile Turret  
  36  6:15  SCV, Supply Depot  
  36  6:17  Supply Depot  
  37  6:20  Supply Depot  
  37  6:24  SCV  
  38  6:27  Marine, SCV, Marauder  
  42  6:33  Command Center  
  42  6:36  SCV  
  42  6:39  SCV  
  44  6:45  Marine  
  44  6:46  Armory  
  45  6:48  SCV  
  45  6:49  Factory Tech Lab  
  46  6:59  Refinery, SCV  
  46  7:00  SCV  
  48  7:03  Marine  
  49  7:09  Missile Turret  
  49  7:11  SCV  
  49  7:12  SCV  
  49  7:14  Siege Tank  
  54  7:21  Marine, Marauder  
  57  7:24  SCV  
  58  7:30  Refinery  
  58  7:34  Refinery  
  55  7:39  Marine  
  56  7:45  Marine  
  56  7:47  Terran Infantry Armor Level 1  
  57  7:57  Marauder  
  58  8:03  Marine  
  57  8:13  Siege Tank  
  57  8:18  Marine  
  61  8:21  Marine  
  52  8:36  Marauder  
  52  8:39  Marauder  
  54  8:45  SCV  
  55  8:55  Missile Turret  
  55  8:57  Marine  
  55  8:58  SCV  
  55  8:59  Barracks  
  55  9:00  Marine, Terran Vehicle Weapons Level 1  
  55  9:01  Barracks  
  58  9:08  Barracks  
  58  9:10  SCV, Siege Tank, Command Center  
  58  9:15  Marine  
  63  9:18  Marine, Planetary Fortress  
  63  9:22  SCV  
  65  9:30  Missile Turret  
  65  9:33  Starport  
  65  9:34  SCV  
  66  9:40  Terran Infantry Weapons Level 2  
  66  9:46  SCV  
  66  9:50  Starport  
  66  9:51  Missile Turret  
  67  9:54  Starport  
  67  9:56  Barracks Reactor  
  67  9:58  Barracks Reactor, SCV  
  67  9:59  Barracks Reactor  
  68  10:14  SCV  
  68  10:18  Marine  
  68  10:20  Marine  
  71  10:26  SCV  
  72  10:29  Starport Tech Lab  
  72  10:31  Starport Reactor  
  72  10:35  Starport Reactor  
  72  10:38  SCV  
  72  10:39  Refinery  
  72  10:41  Refinery  
  72  10:42  Orbital Command  
  73  10:50  SCV  
  73  10:52  Medivac  
  73  10:55  Terran Vehicle And Ship Armor Level 1  
  76  10:57  Marine x3  
  76  11:02  SCV  
  76  11:04  Marauder  
  82  11:05  Marauder  
  84  11:13  Orbital Command  
  84  11:17  SCV  
  85  11:19  SCV  
  85  11:21  SCV  
  85  11:25  Marauder  
  89  11:27  Marine x2  
  89  11:28  Marine x5  
  89  11:29  SCV  
  89  11:31  SCV  
  98  11:33  SCV  
  98  11:36  Refinery  
  99  11:40  Missile Turret  
  99  11:41  Missile Turret  
  99  11:43  Missile Turret  
  99  11:45  Missile Turret  
  99  11:47  Missile Turret  
  99  11:50  Missile Turret  
  99  11:53  Missile Turret  
  99  11:56  Terran Infantry Armor Level 2, Missile Turret  
  99  11:57  Medivac  
  99  11:58  Viking  
  99  11:59  Viking  
  105  12:08  SCV  
  105  12:11  Missile Turret  
  105  12:13  Missile Turret  
  105  12:14  Missile Turret  
  106  12:20  SCV  
  106  12:21  Engineering Bay  
  107  12:24  Siege Tank  
  107  12:25  Marine  
  107  12:26  Marine x7  
  107  12:27  Medivac  
  107  12:29  Medivac  
  122  12:30  Medivac  
  124  12:38  Missile Turret  
  124  12:40  SCV  
  124  12:42  SCV  
  126  12:46  Refinery  
  126  12:48  Terran Vehicle Weapons Level 2  
  125  12:52  SCV  
  125  12:54  SCV  
  121  13:01  Missile Turret  
  121  13:04  Missile Turret  
  121  13:06  SCV  
  121  13:09  Missile Turret  
  122  13:18  SCV  
  122  13:19  Hi-Sec Auto Tracking  
  123  13:23  Viking x2  
  123  13:25  Medivac x2  
  131  13:28  Missile Turret  
  131  13:39  Missile Turret  
  131  13:46  Marine x2  
  131  13:47  SCV, Missile Turret  
  131  13:48  Supply Depot  
  134  13:53  Viking x2, SCV  
  139  13:59  SCV, Missile Turret  
  139  14:00  Marine x6  
  146  14:04  Marine  
  146  14:05  Supply Depot  
  146  14:06  Missile Turret  
  146  14:09  Marine, Supply Depot  
  149  14:10  SCV  
  149  14:11  SCV  
  149  14:12  Neosteel Armor  
  149  14:13  Supply Depot  
  149  14:15  Missile Turret  
  150  14:18  Marine x5, Missile Turret  
  150  14:19  Missile Turret  
  150  14:22  Missile Turret  
  155  14:24  Missile Turret  
  155  14:26  Missile Turret  
  155  14:29  Missile Turret  
  155  14:30  SCV  
  156  14:32  Missile Turret  
  156  14:34  Marine x3  
  159  14:46  Terran Infantry Armor Level 3  
  159  14:53  SCV  
  159  14:58  SCV  
  161  15:05  SCV  
  162  15:10  SCV  
  162  15:11  Missile Turret  
  156  15:17  SCV  
  156  15:18  Command Center  
  156  15:19  Command Center  
  152  15:24  Marine x5  
  157  15:32  Viking  
  157  15:33  Viking, Missile Turret  
  162  15:35  SCV  
  162  15:47  SCV  
  163  15:52  Terran Infantry Weapons Level 3  
  163  15:55  Missile Turret  
  163  16:15  Missile Turret  
  163  16:18  Terran Ship Weapons Level 1  
  163  16:30  Raven, Viking x4  
  158  17:00  Viking x3  
  110  17:02  Marine x8  
  93  17:15  Viking x2  
  85  17:19  Marine  
  85  17:20  Marine x7  
  95  17:30  Viking x2  
  97  17:37  Marine  
  97  17:38  Marine x7  
  98  17:55  Marine  
  98  17:56  Marine x4  
  89  18:05  Marine x2  
  81  18:06  Viking x2  
  81  18:07  Viking x3  
  81  18:10  Planetary Fortress  
  92  18:13  Marine, Missile Turret  
  95  18:20  Siege Tank  
  95  18:23  Marine x2  
  98  18:29  Marine  
  98  18:33  Missile Turret  
  98  18:36  Viking x2  
  98  18:37  Viking x3  
  98  18:40  Marine  
  98  18:41  Marine  
  107  18:46  Marine  
  101  19:04  Marine  
  93  19:15  Marine x2  
  92  19:20  Viking x5  
  92  19:22  Marine  
  88  19:32  Marine  
  88  19:33  Marine  
  82  19:40  Marine  
  82  19:44  SCV  
  84  19:50  Marine, Viking  
  84  19:51  Marine  
  88  19:52  Medivac  
  88  19:53  Medivac x2  
  88  19:56  SCV  
  88  19:58  Marine  
  88  19:59  Command Center  
  96  20:08  Marine, SCV  
  96  20:09  Marine  
  96  20:13  Refinery  
  99  20:14  Refinery  
  99  20:15  Marine  
  100  20:26  Marine x2  
  102  20:33  Marine  
  78  20:44  Marine x2  
  61  20:51  Marine  
  60  21:05  Marine  
  60  21:06  Marine  
  60  21:09  Marine  
  63  21:23  Marine  
  63  21:24  Marine  
  65  21:27  Marine  
  65  21:31  Command Center  
  37  21:41  Marine  
  30  22:27  Marine  
  30  22:28  Marine x2  
  32  22:33  Siege Tank  
  35  22:40  Medivac x2  
  35  22:42  Medivac  
  35  22:43  Medivac  
  43  22:45  Marine x3  
  43  22:48  Orbital Command  
  43  22:49  Missile Turret  
  46  22:55  Missile Turret  
  46  23:03  Marine x3  
  49  23:14  Medivac x2  
  53  23:21  Marine x3  
  53  23:25  Raven  
  58  23:35  Siege Tank  
  58  23:37  Viking  
  58  23:38  Marine  
  58  23:39  Marine x2  
  58  23:41  SCV  
  67  23:43  SCV  
  67  23:46  SCV  
  69  23:53  SCV  
  70  23:56  Marine  
  70  23:57  Marine x2  
  73  24:05  SCV  
  73  24:07  Siege Tank  
  57  24:14  Marine x2  
  57  24:15  Marine  
  60  24:18  Viking x2  
  60  24:19  Viking x2  
  68  24:32  Marine x3  
  69  24:50  Marine  
Tags
 
Add a new tag
Caveats
  • Supply blocks, unpowered buildings, or Contaminate may cause inaccurate times.
  • Supply counts are checked every 10 seconds.